AoeStats
← Blei Blei

Nomad

510220402Analyzed
3v3 RM · 3d ago on Sep 30, 2026· 42m 37s· 6 players
Game mode
Random Map
Map size
210×210
Population
200
Speed
Normal
Resources
Standard
Victory
Conquest
Starting age
Dark Age
Ending age
Imperial Age
RankedLock teamsTeams togetherTeam positionsShared explorationLock speedFull tech treeHidden civsTurbo modeCheats
Victory
Defeat
🇺🇸 Huns · United States
952
+16
🇺🇸 Varangians · United States
926
+17
🇺🇸 Ethiopians · United States
926
+17
🇮🇩 Japanese · Indonesia
960
-17
🇨🇱 Aztecs · Chile
955
-49
🇵🇪 Koreans · Peru
931
-16
Blei Blei
13:50 Feudal Age
14:18 Loom
19:10 Gold Mining
20:48 Stone Mining
23:34 Castle Age
21:39 Fletching
27:21 Double-Bit Axe
Rakzoy.
13:19 Feudal Age
14:42 Wheelbarrow
14:20 Horse Collar
20:13 Man-at-Arms
20:42 Arson
22:17 Scale Mail Armor
26:32 Padded Archer Armor
27:32 Stone Mining
27:47 Gold Mining
29:32 Forging
33:22 Fletching
38:56 Castle Age
39:44 Pikeman
DekaJe
3:05 Loom
13:35 Feudal Age
18:47 Castle Age
19:34 Fletching
19:31 Double-Bit Axe
19:29 Horse Collar
21:22 Forging
22:44 Scale Mail Armor
27:48 Wheelbarrow
29:51 Guard Tower
30:38 Yasama
34:27 Murder Holes
[PLGRS]SahaFresh
3:48 Loom
16:26 Feudal Age
18:39 Double-Bit Axe
18:36 Horse Collar
27:43 Castle Age
26:32 Fletching
31:35 Murder Holes
32:01 Ballistics
37:18 Bow Saw
40:04 Imperial Age
38:12 Wheelbarrow
38:16 Bodkin Arrow
38:21 Padded Archer Armor
38:35 Fortified Wall
39:24 Gold Mining
40:38 Thumb Ring
40:03 Crossbowman
42:10 Chemistry
41:13 Bracer
41:28 Leather Archer Armor
42:21 Two-Man Saw
41:58 Gold Shaft Mining
41:50 Conscription
41:19 Arbalester
[PLGRS]socrates'11
5:50 Loom
14:37 Feudal Age
15:07 Double-Bit Axe
17:51 Stone Mining
20:04 Castle Age
20:05 Castle Age
21:17 Fletching
21:28 Padded Archer Armor
21:45 Bow Saw
24:37 Horse Collar
29:25 Wheelbarrow
33:09 Gold Mining
33:58 Scale Barding Armor
38:21 Forging
38:55 Chain Barding Armor
41:37 Gold Shaft Mining
[PLGRS]MrMeseeks
14:43 Loom
17:11 Feudal Age
21:56 Castle Age
21:10 Fishing Lines
23:53 Scale Mail Armor
29:58 Horse Collar
30:43 Arson
34:03 Gillnets
39:53 Imperial Age
41:48 Elite Varangian Guard
42:30 Squires
Connection lost

Rejoining the realm…

Still unreachable

The connection could not be restored.

Session expired

The server has moved on; the page needs a fresh start.